 Dungeon Crawl Stone Soup version 0.29.1-1-gd02db6906a (webtiles) character file.

Game seed: 10934554558831772756

1612 Zeld the Cleaver (level 8, -1/109 HPs)
             Began as a Minotaur Berserker on Oct 13, 2022.
             Was a Priest of Trog.
             Succumbed to a hornet's poison
             ... on level 7 of the Dungeon.
             The game lasted 00:05:33 (9749 turns).

Zeld the Cleaver (Minotaur Berserker)               Turns: 9749, Time: 00:05:34

Health: -1/109     AC:  4    Str: 24    XL:     8   Next: 63%
Magic:  7/7        EV: 12    Int:  4    God:    Trog [***...]
Gold:   55         SH:  0    Dex: 10    Spells: 7/7 levels left

rFire   . . .      SeeInvis .   a - +0 hand axe
rCold   . . .      Faith    .   (no shield)
rNeg    . . .      Spirit   .   b - +0 animal skin
rPois   .          Reflect  .   (helmet restricted)
rElec   .          Harm     .   c - scarf {repulsion}
rCorr   .          Rampage  .   v - +1 pair of gloves
Will    .....                   (no boots)
Stlth   ..........              (no amulet)
HPRegen 0.28/turn               (no ring)
MPRegen 0.10/turn               (no ring)

@: berserking, lethally poisoned (-1 -> -10), slowed, repel missiles
A: horns 2, retaliatory headbutt
a: Renounce Religion, Berserk, Trog's Hand


You were on level 7 of the Dungeon.
You worshipped Trog.
Trog was most pleased with you.
You visited 2 branches of the dungeon, and saw 8 of its levels.

You collected 346 gold pieces.
You spent 291 gold pieces at shops.

Inventory:

Hand Weapons
 a - a +0 hand axe (weapon)
Armour
 b - a +0 animal skin (worn)
 c - a scarf of repulsion (worn)
 v - a +1 pair of gloves (worn)
Wands
 r - a wand of quicksilver (9)
 s - a wand of paralysis (4)
Scrolls
 f - a scroll of magic mapping {unknown}
 h - 4 scrolls of teleportation {unknown}
 i - a scroll of torment {unknown}
 j - 11 scrolls of identify
 l - 3 scrolls of butterflies {unknown}
 n - a scroll of enchant armour {unknown}
 o - 2 scrolls of immolation {unknown}
 t - a scroll of noise {unknown}
 y - a scroll of fear
 A - a scroll of vulnerability {unknown}
Potions
 d - 4 potions of flight {unknown}
 e - 3 potions of curing {unknown}
 g - 3 potions of attraction {unknown}
 k - 3 potions of brilliance {unknown}
 m - a potion of might {unknown}
 p - 4 potions of mutation {unknown}
 q - a potion of heal wounds {unknown}
 u - a potion of cancellation {unknown}
 w - a potion of degeneration {unknown}
 x - 2 potions of resistance {unknown}
 z - 2 potions of invisibility {unknown}


   Skills:
 + Level 7.5 Fighting
 * Level 10.0 Axes
 + Level 6.9 Armour
 - Level 2.1 Dodging


You had 7 spell levels left.
You didn't know any spells.
Your spell library was empty.

Dungeon Overview and Level Annotations

Branches:
Dungeon (7/15)             Temple (1/1) D:6

Altars:
Ashenzari
Cheibriados
Elyvilon
Fedhas
Gozag
Hepliaklqana
Kikubaaqudgha
Makhleb
Okawaru
Qazlal
Ru
Sif Muna
Uskayaw
Vehumet
Xom
Zin

Shops:
D:1 *[?=[   D:2 *=*   D:6 **


Innate Abilities, Weirdness & Mutations

You have a pair of horns on your head.
You reflexively headbutt those who attack you in melee.


Message History

The hornet stings you!
You feel yourself slow down.
You hit the hornet but do no damage. Your headbutt misses the hornet.
You punch the hornet.
The hornet is heavily wounded.
You feel yourself speed up. The hornet stings you.
You feel yourself slow down. The hornet stings you!
You feel as though you will be slow longer.
You hit the hornet. Your punch misses the hornet.
The hornet is severely wounded.
The hornet stings you.
You suddenly lose the ability to move!
The hornet stings you but does no damage.
You can move again.
You are too injured to fight recklessly!
You barely miss the hornet. You headbutt the hornet.
The hornet is almost dead.
The hornet completely misses you. The hornet barely misses you.
A red film seems to cover your vision as you go berserk!
You feel yourself moving faster!
You feel mighty! The hornet stings you!
You are poisoned.
You suddenly lose the ability to move!
The hornet stings you!
* * * LOW HITPOINT WARNING * * *
You are more poisoned.
You shrug off the repeated paralysis!
You feel very sick. The hornet stings you!
* * * LOW HITPOINT WARNING * * *
You feel as though you will be slow longer.
You feel very sick. The hornet stings you!
* * * LOW HITPOINT WARNING * * *
You feel as though you will be slow longer.
The hornet stings you.
* * * LOW HITPOINT WARNING * * *
You feel as though you will be slow longer.
You can move again.
Unknown command.
You hit the hornet.
You kill the hornet!
Trog accepts your kill.
You die...

...#....#...##..
##.#.....##.##.#
######
#.####..##.##.#
.....#. #.#
#........# ..[#...
.#.#
#.###.#..##......
.#.. ...#
#.#..........
########
#.......#^##
####....##
...?..!@#
########†# .....
... #######.#..#
###.. ............
>.# ###...#.#..#
..# ......+ #..# #
..# ###...###..#.#
..#
#####......#.####.


There were no monsters in sight!

Vanquished Creatures
  A hornet (D:7)
  Eustachio (D:5)
  2 water moccasins (D:5)
  A centaur (D:6)
  2 ogres (D:6)
  2 scorpions
  A howler monkey (D:6)
  A gnoll bouda (D:6)
  2 hounds
  3 jellies
  3 orc priests
  4 orc wizards
  Ijyb (D:5)
  Natasha (thrice) (D:2)
  4 iguanas
  7 gnolls
  10 adders
  2 white imps (D:6)
  An ufetubus (D:4)
  3 dart slugs
  18 orcs
  6 bats
  10 endoplasms
  4 giant cockroaches
  7 goblins
  12 hobgoblins
  8 jackals
  5 kobolds
  2 quokkas
  10 ball pythons
  4 frilled lizards
  8 rats
148 creatures vanquished.

Vanquished Creatures (others)
  6 plants (D:5)
6 creatures vanquished.

Grand Total: 154 creatures vanquished

Notes
Turn   | Place    | Note
-------+----------+-------------------------------------------
     0 | D:1      | Zeld the Minotaur Berserker began the quest for the Orb.
     0 | D:1      | Reached XP level 1. HP: 19/19 MP: 0/0
   305 | D:1      | Found a faded altar of an unknown god.
   315 | D:1      | Reached skill level 4 in Axes
   315 | D:1      | Reached XP level 2. HP: 23/27 MP: 1/1
   442 | D:1      | Found Heserov's Magic Scroll Boutique.
   535 | D:1      | Found Qaxerr's Armour Boutique.
   546 | D:1      | Reached ** piety under Trog
   650 | D:1      | Reached XP level 3. HP: 33/33 MP: 2/2
   653 | D:1      | Found Kefro's Jewellery Emporium.
   790 | D:1      | Found Liuff's General Store.
   798 | D:1      | Bought a scroll of identify for 28 gold pieces
   822 | D:1      | Found Dualerra's Armour Emporium.
  1184 | D:2      | Found Ceqen's General Store.
  1189 | D:2      | Bought a scroll of identify for 28 gold pieces
  1301 | D:2      | Found Misheum's Jewellery Shop.
  1337 | D:2      | Reached skill level 5 in Axes
  1337 | D:2      | Reached XP level 4. HP: 30/40 MP: 3/3
  1755 | D:2      | HP: 2/41 [something (2)]
  2012 | D:2      | Found Latsaiss's Assorted Antiques.
  2028 | D:2      | Noticed Natasha
  2038 | D:2      | Killed Natasha
  2039 | D:2      | Reached XP level 5. HP: 38/47 MP: 4/4
  2067 | D:2      | Noticed Natasha
  2070 | D:2      | Killed Natasha
  2257 | D:2      | Noticed Natasha
  2264 | D:2      | Killed Natasha
  2738 | D:3      | Reached skill level 5 in Fighting
  2738 | D:3      | Reached skill level 6 in Axes
  3572 | D:4      | Reached XP level 6. HP: 55/56 MP: 5/5
  3587 | D:4      | Found a sacrificial altar of Ru.
  3618 | D:4      | Reached *** piety under Trog
  4084 | D:3      | Reached skill level 7 in Axes
  4539 | D:4      | Found a snail-covered altar of Cheibriados.
  4569 | D:4      | Found a stormy altar of Qazlal.
  4817 | D:4      | Reached skill level 5 in Armour
  4817 | D:4      | Reached XP level 7. HP: 32/62 MP: 6/6
  4995 | D:4      | Found a broken altar of Ashenzari.
  5160 | D:5      | Entered Level 5 of the Dungeon
  5163 | D:5      | Noticed Ijyb
  5172 | D:5      | Killed Ijyb
  5444 | D:5      | Reached skill level 8 in Axes
  5496 | D:5      | HP: 1/94 [iguana (14)]
  6729 | D:5      | Noticed Eustachio
  6738 | D:5      | Killed Eustachio
  6739 | D:5      | Reached XP level 8. HP: 71/71 MP: 7/7
  7051 | D:2      | Bought a green potion for 19 gold pieces
  7051 | D:2      | Bought a silvery potion for 19 gold pieces
  7051 | D:2      | Bought a scroll labelled LEICITIFEC for 22 gold pieces
  7051 | D:2      | Bought a lumpy grey potion for 19 gold pieces
  7115 | D:1      | Bought a scroll of identify for 26 gold pieces
  7115 | D:1      | Bought a scroll of identify for 26 gold pieces
  7115 | D:1      | Bought a scroll of identify for 26 gold pieces
  7115 | D:1      | Bought a scroll of identify for 26 gold pieces
  7115 | D:1      | Bought a scroll of fear for 52 gold pieces
  7245 | D:6      | Reached skill level 9 in Axes
  7370 | D:6      | Found a staircase to the Ecumenical Temple.
  7858 | Temple   | Entered the Ecumenical Temple
  8607 | D:6      | Found Ypoepric's Assorted Antiques.
  8936 | D:6      | Reached skill level 10 in Axes
  9118 | D:6      | Found a white marble altar of Elyvilon.
  9190 | D:6      | Found Zin's Purification Station.
  9193 | D:6      | Found a glowing silver altar of Zin.
  9735 | D:7      | Noticed a hornet
  9744 | D:7      | Paralysed by a hornet for 1 turns
  9746 | D:7      | Paralysed by a hornet for 3 turns
  9748 | D:7      | HP: 2/109 [hornet (12)]
  9749 | D:7      | Killed a hornet
  9749 | D:7      | Succumbed to a hornet's poison

Illustrated notes

Levels and vault maps discovered:
D:1:      psy_arrival_statuary, layout_rooms, serial_shops,
          nicolae_diamond_shop, nicolae_shop_trees, shop, shop, shop,
          ebering_ecumenical_altar_mist, serial_bayou_pond_b
D:2:      layout_loops_ring, serial_shops, nicolae_shop_crystal,
          nicolae_shop_waterfront, nicolae_shop_hallway_stairs,
          minmay_misc_feat_roman, uniq_natasha
D:3:      layout_basic
D:4:      layout_basic, amcnicky_altar_gilded,
          mainiacjoe_overflow_catch_the_wave,
          mainiacjoe_overflow_small_starburst, st_stairs_2,
          hangedman_decor_lopped, small_statue_intersection, minivault_27
D:5:      layout_loops_cross, serial_bayou_ford_a, uniq_eustachio, uniq_ijyb
D:6:      layout_layer_cave, zin_purify, kennysheep_mini,
          minmay_temple_entry_sparse_star, nicolae_take_the_stairs
D:7:      layout_basic, serial_curves, eino_curves_02, eino_curves_04
Temple:   cyrus_temple_forest

Skill      XL: |  1  2  3  4  5  6  7  8 |
---------------+-------------------------+-----
Axes           | 4 5 6 7 8 10 | 10.0
Fighting       | 4 5 6 7 |  7.5
Armour         | 3 4 5 6 |  6.9
Dodging        | |  2.1

Action                   |  1- 3 |  4- 6 |  7- 9 || total
-------------------------+-------+-------+-------++-------
Melee: Hand axe          |    81 |   158 |   145 ||   384
       Headbutt          |    13 |    23 |    29 ||    65
       Punch             |       |     2 |     1 ||     3
Invok: Berserk           |       |     3 |     7 ||    10
       Trog's Hand       |       |     2 |       ||     2
  Use: Scroll            |     1 |       |       ||     1
 Stab: Sleeping          |       |     1 |       ||     1
Armor: Animal skin       |    22 |    26 |    16 ||    64
Dodge: Dodged            |    68 |    89 |    75 ||   232
       Repelled          |       |     1 |     3 ||     4
